AoeStats
← ElMirteitor4000

Arabia

503505259Analyzed
2v2 RM · 9d ago on Sep 1, 2026· 27m 12s· 4 players
Game mode
Random Map
Map size
Medium (4 player)
Population
200
Speed
Normal
Resources
Standard
Victory
Conquest
Starting age
Dark Age
Ending age
Imperial Age
RankedLock teamsTeams togetherTeam positionsShared explorationLock speedFull tech treeHidden civsTurbo modeCheats
Victory
Defeat
🇺🇸 Poles · United States
920
+15
🇺🇸 Khmer · United States
912
+16
🇦🇷 Slavs · Argentina
931
-17
🇦🇷 Portuguese · Argentina
880
-14
ElMirteitor4000
9:48 Feudal Age
8:36 Loom
10:24 Double-Bit Axe
10:22 Man-at-Arms
12:18 Horse Collar
El Bicho
11:22 Feudal Age
12:35 Double-Bit Axe
13:31 Loom
21:29 Forging
21:52 Horse Collar
27:22 Castle Age
Kool Aid Kid
11:05 Feudal Age
10:13 Loom
15:02 Castle Age
15:32 Forging
16:25 Double-Bit Axe
21:33 Bloodlines
26:36 Horse Collar
reemsauce
11:58 Feudal Age
14:02 Bloodlines
16:17 Forging
19:51 Scale Barding Armor
Connection lost

Rejoining the realm…

Still unreachable

The connection could not be restored.

Session expired

The server has moved on; the page needs a fresh start.